 Dungeon Crawl Stone Soup version 0.31-a0-801-gc67433417a (webtiles) character file.

Game seed: 3703158691208805127

80 Ivernyr the Slasher (level 4, 0/23 HPs)
             Began as a Vine Stalker Gladiator on Sept 20, 2023.
             Succumbed to Robin's poison
             ... on level 2 of the Dungeon.
             The game lasted 00:03:33 (1520 turns).

Ivernyr the Slasher (Vine Stalker Gladiator)        Turns: 1520, Time: 00:03:33

Health: 0/23       AC: 12    Str: 16    XL:     4   Next: 39%
Magic:  4/5        EV: 13    Int:  8    God:
Gold:   71         SH:  0    Dex: 18    Spells: 3/3 levels left

rFire   . . .        a - +1 long sword (protect)
rCold   . . .        (no shield)
rNeg    . . .        b - +0 leather armour
rPois   .            c - +0 helmet
rElec   .            (no cloak)
rCorr   .            m - +0 pair of gloves
SInv    .            (no boots)
Will    .....        (no amulet)
Stlth   +            (no ring)
HPRegen 1.03/turn    (no ring)
MPRegen 0.09/turn

%: guardian spirit
@: mighty, lethally poisoned (0 -> -3), under a protective aura
A: fangs 2, regeneration 1, magic shield, antimagic bite, no potion heal 2
a: no special abilities


You were on level 2 of the Dungeon.
You visited 1 branch of the dungeon, and saw 2 of its levels.

You collected 71 gold pieces.

Inventory:

Hand Weapons
 a - a +1 long sword of protection (weapon)
Missiles
 d - 5 throwing nets (quivered)
 e - a javelin
Armour
 b - a +0 leather armour (worn)
 c - a +0 helmet (worn)
 m - a +0 pair of gloves (worn)
Scrolls
 g - a scroll of identify {unknown}
 j - 2 scrolls of enchant armour {unknown}
 l - a scroll of acquirement {unknown}
Potions
 f - a potion of might
 h - a potion of curing {unknown}
 i - a potion of invisibility {unknown}
 k - a potion of heal wounds {unknown}


   Skills:
 + Level 2.3 Fighting
 * Level 3.5 Long Blades
 - Level 1.7 Throwing
 + Level 1.2 Armour
 + Level 2.8 Dodging


You had 3 spell levels left.
You didn't know any spells.
Your spell library contained the following spells:

 Spells                   Type           Power      Damage    Failure   Level
 Simulacrum               Ice/Necr       0%         N/A       100%        6
 Ozocubu's Refrigeration  Ice            0%         4d7       100%        7
 Polar Vortex             Ice            0%         N/A       100%        9


Dungeon Overview and Level Annotations

Branches:
Dungeon (2/15)

Altars:
Dithmenos

Shops:
D:2 =

Annotations:
D:2 Robin


Innate Abilities, Weirdness & Mutations

You have extremely sharp teeth.
Your natural rate of healing is unusually fast.
When hurt, damage is shared between your health and your magic reserves.
Your bite disrupts and absorbs the magic of your enemies.
Potions cannot restore your health.


Message History

The hobgoblin no longer looks unusually strong.
The hobgoblin closely misses you.
Robin roars a battlecry!
You barely miss the hobgoblin.
The hobgoblin is severely wounded.
The hobgoblin hits you. Robin hits you but does no damage.
You hit the hobgoblin. Your bite misses the hobgoblin.
The hobgoblin is moderately wounded.
The hobgoblin no longer looks unusually strong. x2
The hobgoblin hits you but does no damage.
The hobgoblin completely misses you. Robin misses you.
The hobgoblin closely misses you. The hobgoblin barely misses you.
The hobgoblin hits you but does no damage.
Robin closely misses you. The hobgoblin barely misses you.
You barely miss the hobgoblin.
You bite the hobgoblin, but do no damage.
The hobgoblin is moderately wounded.
The hobgoblin hits you but does no damage.
The hobgoblin barely misses you.
Robin hits you from afar with a +1 trident of venom.
You are poisoned.
The hobgoblin barely misses you.
You slash the hobgoblin!
You kill the hobgoblin!
You feel very sick. The hobgoblin completely misses you.
Robin hits you from afar with a +1 trident of venom.
You are lethally poisoned!
* * * LOW HITPOINT WARNING * * *
You feel very sick.
The hobgoblin no longer looks unusually strong.
The hobgoblin closely misses you. The hobgoblin completely misses you.
* * * LOW HITPOINT WARNING * * *
You feel very sick. The hobgoblin barely misses you.
The hobgoblin attacks as it pursues you!
The hobgoblin closely misses you.
It was a potion of might.
You feel very mighty all of a sudden.
You die...

#.# # ####.##.#
#.#
#+#####.#.......#
#.#
#.....#.#.##.####
#.#
#..##.#......#
#.#
##..##.###.####
###...##.###.#
......gg.)..#
#...##.#####
##@g##.# ##g##)#
#g.g.# ######


You could see Robin, 3 hobgoblins and a goblin (wandering, strong).

Vanquished Creatures
  2 adders (D:2)
  3 endoplasms
  5 giant cockroaches
  6 goblins
  3 hobgoblins
  7 jackals (D:1)
  3 kobolds
  2 quokkas (D:1)
  7 ball pythons
  8 bats
  3 frilled lizards
  4 rats (D:1)
53 creatures vanquished.

Notes
Turn   | Place    | Note
-------+----------+-------------------------------------------
     0 | D:1      | Ivernyr the Vine Stalker Gladiator began the quest for the
                  | Orb.
     0 | D:1      | Reached XP level 1. HP: 11/11 MP: 2/2
   123 | D:1      | Reached XP level 2. HP: 15/15 MP: 1/3
   128 | D:1      | Reached skill level 3 in Long Blades
   323 | D:1      | Reached XP level 3. HP: 18/18 MP: 4/4
   882 | D:2      | Reached skill level 1 in Armour
  1032 | D:2      | Found a shadowy altar of Dithmenos.
  1036 | D:2      | Found Curo's Jewellery Boutique.
  1228 | D:2      | Reached XP level 4. HP: 14/23 MP: 5/5
  1498 | D:2      | Noticed Robin
  1519 | D:2      | HP: 1/23 [poisoned by Robin]
  1520 | D:2      | Succumbed to Robin's poison

Illustrated notes

Levels and vault maps discovered:
D:1:      dpeg_arrival_houses_and_road, layout_loops_ring, hangedman_decor_push
D:2:      layout_loops_corners, serial_shops, nicolae_square_shop, basic_altar,
          minmay_fractal_squares_gapless_5, uniq_robin

Skill      XL: |  1  2  3 |
---------------+----------+-----
Long Blades    | 3 |  3.5
Fighting       | 2 |  2.3
Armour         | 1 |  1.2
Throwing       | |  1.7
Dodging        | |  2.8

Action                     |  1- 3 |  4- 6 || total
---------------------------+-------+-------++-------
  Melee: Long sword        |   136 |    24 ||   160
         Bite              |    26 |     7 ||    33
         Punch             |     1 |       ||     1
    Use: Potion            |       |     1 ||     1
   Stab: Sleeping          |     5 |     1 ||     6
 Armour: Leather armour    |    93 |    26 ||   119
  Dodge: Dodged            |   110 |    32 ||   142

Table legend: (Time is in decaauts)
 A = Elapsed time spent in this place.
 B = Non-inter-level travel time spent in this place.
 C = Inter-level travel time spent in this place.
 D = Time resting spent in this place.
 E = Time spent auto-exploring this place.
 F = Levels seen in this place.
 G = Mean time per level.
                   A        B        C        D        E       F      G
               +--------+--------+--------+--------+--------+-----+--------+
         Total |   1557 |   1506 |     51 |      0 |   1015 |   2 |  778.5 |
       Dungeon |   1557 |   1506 |     51 |      0 |   1015 |   2 |  778.5 |
               +--------+--------+--------+--------+--------+-----+--------+

Top non-repeatable levels by time:
     D:1: 813 daAuts
     D:2: 744 daAuts
